 Dungeon Crawl Stone Soup version 0.26.1-11-gd32895ea62 (webtiles) character file.

Game seed: 6529158151250782354

109 Zeld the Twirler (level 4, -2/29 HPs)
             Began as an Octopode Gladiator on May 22, 2021.
             Slain by a phantom (8 damage)
             ... on level 3 of the Dungeon.
             The game lasted 00:02:08 (2521 turns).

Zeld the Twirler (Octopode Gladiator)               Turns: 2521, Time: 00:02:09

Health: -2/29      AC:  1    Str: 14    XL:     4   Next: 90%
Magic:  4/4        EV: 14    Int: 10    God:
Gold:   149        SH:  0    Dex: 13    Spells: 3/3 levels left

rFire    . . .     SeeInvis .   a - +0 quarterstaff
rCold    . . .     Faith    .   (shield currently unavailable)
rNeg     . . .     Spirit   .   b - +0 hat
rPois    .         Reflect  .   (no amulet)
rElec    .         Harm     .   (no ring)
rCorr    .         Rampage  .   (no ring)
Will     .....                  (no ring)
Stlth    ++........             (no ring)
HPRegen  0.09/turn              (no ring)
MPRegen  0.09/turn              (no ring)
                                (no ring)
                                (no ring)

@: no status effects
A: almost no armour, stealthy swim, amphibious, 8 rings, constrict 8, camouflage
1, gelatinous body 1
a: no special abilities


You were on level 3 of the Dungeon.
You visited 1 branch of the dungeon, and saw 3 of its levels.

You collected 149 gold pieces.

Inventory:

Hand Weapons
 a - a +0 quarterstaff (weapon)
Missiles
 c - 3 throwing nets
 d - 4 javelins
 g - 5 boomerangs
 o - 22 poisoned darts (quivered)
Armour
 b - a +0 hat (worn)
Jewellery
 e - a +6 ring of intelligence {unknown}
 j - an uncursed amulet of regeneration {unknown}
Scrolls
 f - a scroll of amnesia {unknown}
 h - 2 scrolls of identify {unknown}
 i - 2 scrolls of remove curse {unknown}
 l - a scroll of blinking {unknown}
 m - a scroll of fog {unknown}
 q - a scroll of magic mapping {unknown}
Potions
 k - a potion of curing {unknown}
 n - a potion of heal wounds {unknown}
 p - a potion of might {unknown}


   Skills:
 - Level 2.0 Fighting
 * Level 5.4 Staves
 - Level 2.0 Throwing
 - Level 3.0 Dodging


You had 3 spell levels left.
You didn't know any spells.
Your spell library was empty.

Dungeon Overview and Level Annotations

Branches:
Dungeon (3/15)

Altars:

Annotations:
D:2 1 runed translucent door, Crazy Yiuf


Innate Abilities, Weirdness & Mutations

You cannot wear most types of armour.
You are very stealthy in the water. (Stealth+)
You are amphibious.
You can wear up to eight rings at the same time.
You can use your tentacles to constrict eight enemies at once.
Your skin changes colour to match your surroundings (Stealth+).
Your rubbery body absorbs attacks. (AC +1, EV +1)


Message History

The phantom blinks!
The phantom hits you.
* * * LOW HITPOINT WARNING * * *
There is a stone staircase leading down here.
The phantom blinks!
The phantom blinks!
You sock the phantom!
The phantom is severely damaged.
The phantom barely misses you.
You completely miss the phantom.
The phantom is severely damaged.
The phantom barely misses you.
You barely miss the phantom.
The phantom is heavily damaged.
The phantom hits you.
* * * LOW HITPOINT WARNING * * *
You thump the phantom!
The phantom is almost destroyed.
The phantom hits you!
You die...

#...##..
#..........#
#.....?..
#..#.#######
#....# #....#
#....# #..#.##
####..# ### #..#
#@# ##># #W# #.#
#.# #.#### #.#
#....#
#.##########.###
#..............#
#######.###.##.#
#.# #.##.# #.#
#....#


You could see a phantom.

Vanquished Creatures
  Jessica (D:2)
  2 adders (D:2)
  3 worms (D:2)
  2 dart slugs
  A leopard gecko (D:3)
  A giant cockroach (D:2)
  7 goblins
  8 hobgoblins
  6 jackals
  8 bats
  4 frilled lizards
  2 kobolds (D:1)
  7 rats
52 creatures vanquished.

Notes
Turn   | Place    | Note
-------+----------+-------------------------------------------
     0 | D:1      | Zeld the Octopode Gladiator began the quest for the Orb.
     0 | D:1      | Reached XP level 1. HP: 14/14 MP: 1/1
   360 | D:1      | Reached XP level 2. HP: 18/19 MP: 2/2
   728 | D:1      | Reached skill level 4 in Staves
   804 | D:1      | Reached XP level 3. HP: 21/24 MP: 3/3
  1419 | D:2      | Reached XP level 4. HP: 18/29 MP: 4/4
  1608 | D:2      | Noticed Jessica
  1614 | D:2      | Killed Jessica
  1615 | D:2      | Reached skill level 5 in Staves
  1698 | D:2      | Found a runed translucent door.
  1699 | D:2      | Noticed Crazy Yiuf
  2464 | D:3      | Noticed a phantom
  2521 | D:3      | Slain by a phantom

Illustrated notes

Levels and vault maps discovered:
D:1:      enne_arrival_octagon_isle, layout_loops_ring, hangedman_glass_teeth
D:2:      kb_forest_paths, layout_basic, uniq_crazy_yiuf_cottage, uniq_jessica
D:3:      layout_basic, fedhas_altar_4, amethyst_overflow_temple_binary,
          hellmonk_ghost_happy_afterlife, uniq_grinder

Skill      XL: |  1  2  3  4 |
---------------+-------------+-----
Staves         | 4 5 |  5.4
Fighting       | |  2.0
Throwing       | |  2.0
Dodging        | |  3.0

Action                   |  1- 3 |  4- 6 || total
-------------------------+-------+-------++-------
Melee: Quarterstaff      |    69 |    31 ||   100
       Constrict         |    23 |     6 ||    29
       Tentacles         |    12 |     5 ||    17
 Stab: Sleeping          |     5 |     3 ||     8
Armor: Skin              |     5 |     4 ||     9
Dodge: Dodged            |    39 |    18 ||    57
